General information
- name: BNet
- type: Ladder team game (AT/RT)
- host: Battle.net
- saver: GOKUMAN69
map: EmeraldShores
- players: 4
- length: 55:35
- speed: Fast
- version: 1.21 W3XP
- replay type: Public
» download(222 KB)
Players
team 1 (loser)
Godzilla_5000 (
red | 67 APM | 3665 actions | 54:53)
4 Death Knight
2 Death Coil
2 Unholy Aura
3 Lich
2 Frost Nova
1 Frost Armor
3 Dark Ranger
2 Silence
1 Life Drain
» actions
| Assign group hotkey | 2 | |
| Basic commands | 173 | |
| Build / train | 266 | |
| ESC pressed | 10 | |
| Enter build submenu | 41 | |
| Enter hero's abilities submenu | 10 | |
| Give item / drop item | 12 | |
| Remove unit from queue | 9 | |
| Right click | 1402 | |
| Select / deselect | 1493 | |
| Select group hotkey | 2 | |
| Use ability | 240 | |
3665 total
» units
| Acolyte | 36 | |
| Ghoul | 8 | |
| Crypt Fiend | 36 | |
| Frost Wyrm | 3 | |
| Meatwagon | 4 | |
| Necromancer | 16 | |
| Obsidian Statue | 3 | |
106 total
» upgrades
| Web | 1 | |
| Skeletal Mastery | 1 | |
| Exhume Corpses | 1 | |
| Unholy Strength | 3 | |
| Unholy Armor | 3 | |
| Necromancer Training | 3 | |
| Skeletal Longevity | 1 | |
| Burrow | 1 | |
| Disease Cloud | 1 | |
| Creature Attack | 2 | |
17 total
» buildings
| Crypt | 1 | |
| Graveyard | 1 | |
| Ziggurat | 25 | |
| Altar of Darkness | 1 | |
| Tomb of Relics | 2 | |
| Halls of the Dead | 2 | |
| Black Citadel | 5 | |
| Sacrificial Pit | 2 | |
| Boneyard | 1 | |
| Spirit Tower | 22 | |
| Slaughterhouse | 1 | |
| Temple of the Damned | 1 | |
| Nerubian Tower | 11 | |
75 total
» build order
00:14 Crypt
00:17 Graveyard
00:38 Ziggurat
00:58 Altar of Darkness
01:50 Ziggurat
02:23 Tomb of Relics
03:40 Ziggurat
04:54 Halls of the Dead
05:29 Ziggurat
06:19 Ziggurat
07:32 Ziggurat
08:28 Black Citadel
08:28 Black Citadel
08:28 Black Citadel
11:28 Sacrificial Pit
11:55 Ziggurat
11:56 Ziggurat
11:58 Ziggurat
12:01 Ziggurat
12:37 Boneyard
13:15 Spirit Tower
13:15 Spirit Tower
13:19 Spirit Tower
13:19 Spirit Tower
13:49 Spirit Tower
13:49 Spirit Tower
14:06 Ziggurat
14:07 Ziggurat
14:55 Ziggurat
14:56 Ziggurat
15:55 Ziggurat
15:56 Ziggurat
16:12 Spirit Tower
16:12 Spirit Tower
16:47 Slaughterhouse
16:49 Temple of the Damned
18:00 Spirit Tower
19:16 Ziggurat
19:17 Ziggurat
19:18 Ziggurat
19:19 Ziggurat
19:20 Ziggurat
19:21 Ziggurat
20:14 Spirit Tower
20:14 Spirit Tower
20:21 Spirit Tower
20:22 Spirit Tower
20:22 Spirit Tower
20:29 Nerubian Tower
20:29 Nerubian Tower
20:29 Nerubian Tower
23:27 Sacrificial Pit
32:51 Ziggurat
32:52 Ziggurat
34:04 Tomb of Relics
34:33 Ziggurat
36:19 Nerubian Tower
36:19 Nerubian Tower
39:13 Nerubian Tower
39:13 Nerubian Tower
39:13 Nerubian Tower
» items
| Rod of Necromancy | 1 | |
| Dust of Appearance | 3 | |
| Sacrificial Skull | 27 | |
| Orb of Corruption | 2 | |
| Staff of Teleportation | 1 | |
| Circlet of Nobility | 1 | |
| Periapt of Vitality | 1 | |
| Scroll of Town Portal | 1 | |
37 total
krulock (
orange | 46 APM | 2558 actions | 55:34)
4 Demon Hunter
2 Mana Burn
2 Evasion
» actions
| Assign group hotkey | 26 | |
| Basic commands | 53 | |
| Build / train | 77 | |
| ESC pressed | 5 | |
| Enter build submenu | 38 | |
| Enter hero's abilities submenu | 4 | |
| Give item / drop item | 1 | |
| Right click | 828 | |
| Select / deselect | 551 | |
| Select group hotkey | 900 | |
| Use ability | 74 | |
2558 total
» units
| Wisp | 24 | |
| Archer | 11 | |
| Glaive Thrower | 8 | |
| Chimaera | 8 | |
51 total
» upgrades
| Strength of the Moon | 2 | |
| Vorpal Blades | 1 | |
| Strength of the Wild | 2 | |
| Corrosive Breath | 1 | |
| Reinforced Hides | 2 | |
| Ultravision | 1 | |
9 total
» buildings
| Altar of Elders | 3 | |
| Ancient of War | 4 | |
| Moon Well | 12 | |
| Hunter's Hall | 2 | |
| Ancient of Wonders | 1 | |
| Tree of Ages | 2 | |
| Tree of Life | 1 | |
| Ancient Protector | 6 | |
| Ancient of Wind | 2 | |
| Tree of Eternity | 1 | |
| Chimaera Roost | 4 | |
38 total
» build order
00:14 Altar of Elders
00:21 Ancient of War
00:39 Moon Well
01:45 Moon Well
02:16 Ancient of War
03:03 Hunter's Hall
04:15 Moon Well
04:34 Ancient of Wonders
07:14 Tree of Ages
07:35 Moon Well
07:39 Moon Well
14:40 Altar of Elders
17:07 Tree of Life
20:22 Moon Well
21:07 Moon Well
23:13 Altar of Elders
23:35 Ancient of War
24:54 Ancient of War
25:07 Moon Well
26:31 Hunter's Hall
27:04 Tree of Ages
28:51 Ancient Protector
28:54 Ancient Protector
28:58 Ancient Protector
29:03 Ancient Protector
29:09 Ancient Protector
29:15 Ancient Protector
29:36 Ancient of Wind
29:40 Ancient of Wind
30:35 Tree of Eternity
30:39 Moon Well
30:42 Moon Well
33:04 Chimaera Roost
33:10 Chimaera Roost
33:29 Chimaera Roost
33:35 Moon Well
33:38 Chimaera Roost
38:36 Moon Well
» items
| Boots of Speed | 1 | |
| Potion of Lesser Invulnerability | 1 | |
| Dust of Appearance | 1 | |
| Orb of Corruption | 1 | |
| Staff of Teleportation | 1 | |
5 total
team 2 (winner)
fineX (
blue | 40 APM | 2223 actions | 55:35)
5 Archmage
3 Blizzard
2 Brilliance Aura
» actions
| Assign group hotkey | 11 | |
| Basic commands | 13 | |
| Build / train | 142 | |
| Enter build submenu | 62 | |
| Enter hero's abilities submenu | 5 | |
| Give item / drop item | 2 | |
| Remove unit from queue | 3 | |
| Right click | 843 | |
| Select / deselect | 416 | |
| Select group hotkey | 451 | |
| Use ability | 275 | |
2223 total
» units
| Peasant | 22 | |
| Mortar Team | 10 | |
| Priest | 2 | |
| Dragonhawk Rider | 4 | |
| Gryphon Rider | 5 | |
43 total
» upgrades
| Masonry | 3 | |
| Gunpowder | 3 | |
| Lumber Harvesting | 2 | |
| Magic Sentry | 1 | |
| Flare | 1 | |
| Armor | 3 | |
| Fragmentation Shards | 1 | |
| Backpack | 1 | |
| Swords | 3 | |
| Plating | 3 | |
| Sorceress Training | 2 | |
| Priest Training | 2 | |
| Flying Machine Bombs | 1 | |
| Flak Cannons | 1 | |
| Barrage | 1 | |
| Defend | 1 | |
| Long Rifles | 1 | |
| Animal War Training | 1 | |
| Cloud | 1 | |
| Storm Hammers | 1 | |
| Control Magic | 1 | |
34 total
» buildings
| Altar of Kings | 1 | |
| Lumber Mill | 1 | |
| Farm | 13 | |
| Scout Tower | 136 | |
| Guard Tower | 36 | |
| Arcane Tower | 7 | |
| Keep | 1 | |
| Blacksmith | 1 | |
| Workshop | 1 | |
| Arcane Sanctum | 1 | |
| Town Hall | 3 | |
| Arcane Vault | 1 | |
| Castle | 1 | |
| Cannon Tower | 3 | |
| Barracks | 1 | |
| Gryphon Aviary | 2 | |
209 total
» build order
00:06 Altar of Kings
00:25 Lumber Mill
00:46 Farm
02:14 Farm
02:22 Scout Tower
02:25 Scout Tower
02:54 Guard Tower
02:59 Scout Tower
03:01 Scout Tower
03:11 Scout Tower
03:19 Scout Tower
03:27 Guard Tower
03:53 Arcane Tower
03:59 Scout Tower
04:07 Scout Tower
04:26 Scout Tower
04:29 Scout Tower
04:56 Guard Tower
05:00 Scout Tower
05:08 Scout Tower
05:10 Scout Tower
05:15 Scout Tower
05:16 Scout Tower
05:18 Guard Tower
05:58 Guard Tower
06:07 Guard Tower
06:13 Keep
06:34 Blacksmith
08:22 Scout Tower
08:23 Scout Tower
08:23 Scout Tower
08:52 Workshop
08:55 Guard Tower
09:39 Scout Tower
09:39 Scout Tower
09:43 Farm
10:06 Farm
10:13 Guard Tower
10:17 Scout Tower
10:17 Scout Tower
10:43 Arcane Sanctum
11:11 Guard Tower
11:17 Town Hall
11:23 Farm
11:44 Arcane Vault
12:35 Scout Tower
12:48 Scout Tower
12:51 Scout Tower
13:18 Guard Tower
13:21 Guard Tower
13:25 Scout Tower
13:25 Scout Tower
13:35 Guard Tower
13:46 Scout Tower
13:53 Guard Tower
14:52 Guard Tower
14:54 Farm
15:01 Town Hall
16:49 Farm
17:09 Scout Tower
17:10 Scout Tower
17:11 Scout Tower
17:19 Castle
17:58 Guard Tower
19:56 Scout Tower
20:16 Scout Tower
20:16 Scout Tower
20:16 Scout Tower
20:17 Scout Tower
20:27 Arcane Tower
20:35 Guard Tower
20:37 Scout Tower
20:38 Scout Tower
20:38 Scout Tower
20:39 Scout Tower
20:40 Scout Tower
20:49 Arcane Tower
21:16 Scout Tower
21:17 Scout Tower
21:17 Scout Tower
21:17 Scout Tower
21:41 Arcane Tower
21:48 Guard Tower
21:52 Scout Tower
21:58 Guard Tower
23:05 Guard Tower
23:16 Guard Tower
24:06 Scout Tower
24:06 Scout Tower
24:08 Scout Tower
24:12 Scout Tower
24:14 Guard Tower
24:38 Guard Tower
24:55 Town Hall
27:05 Guard Tower
27:24 Scout Tower
27:25 Scout Tower
27:25 Scout Tower
27:27 Scout Tower
27:27 Scout Tower
27:29 Scout Tower
27:30 Scout Tower
27:31 Scout Tower
27:31 Scout Tower
27:32 Scout Tower
27:33 Scout Tower
28:21 Guard Tower
28:23 Guard Tower
29:02 Guard Tower
29:06 Scout Tower
29:07 Scout Tower
29:08 Scout Tower
29:08 Scout Tower
29:09 Scout Tower
29:25 Guard Tower
29:32 Scout Tower
29:32 Scout Tower
29:32 Scout Tower
29:47 Guard Tower
29:53 Scout Tower
29:54 Scout Tower
29:58 Scout Tower
29:58 Scout Tower
29:58 Scout Tower
30:30 Cannon Tower
30:40 Cannon Tower
30:51 Cannon Tower
32:50 Guard Tower
32:53 Farm
32:59 Guard Tower
34:05 Scout Tower
34:05 Scout Tower
35:05 Guard Tower
35:09 Scout Tower
35:10 Scout Tower
35:10 Scout Tower
35:11 Scout Tower
38:22 Guard Tower
39:34 Barracks
44:15 Gryphon Aviary
44:19 Gryphon Aviary
48:55 Farm
48:55 Farm
48:56 Farm
48:57 Farm
49:06 Scout Tower
49:06 Scout Tower
49:07 Scout Tower
49:07 Scout Tower
49:08 Scout Tower
49:09 Scout Tower
49:10 Scout Tower
49:15 Scout Tower
49:17 Scout Tower
49:18 Scout Tower
49:19 Scout Tower
49:20 Scout Tower
49:29 Farm
49:45 Arcane Tower
50:22 Arcane Tower
51:07 Arcane Tower
52:23 Scout Tower
52:24 Scout Tower
52:25 Scout Tower
52:27 Scout Tower
52:28 Scout Tower
52:30 Scout Tower
52:31 Scout Tower
52:32 Scout Tower
53:31 Scout Tower
53:31 Scout Tower
53:32 Scout Tower
53:32 Scout Tower
53:32 Scout Tower
53:33 Scout Tower
53:33 Scout Tower
53:34 Scout Tower
53:36 Guard Tower
53:41 Scout Tower
53:41 Scout Tower
53:42 Scout Tower
53:43 Scout Tower
54:02 Guard Tower
54:29 Guard Tower
54:59 Guard Tower
55:06 Scout Tower
55:07 Scout Tower
55:07 Scout Tower
55:07 Scout Tower
55:08 Scout Tower
55:08 Scout Tower
55:08 Scout Tower
55:09 Scout Tower
55:09 Scout Tower
55:10 Scout Tower
55:11 Scout Tower
55:11 Scout Tower
55:12 Scout Tower
55:12 Scout Tower
55:12 Scout Tower
55:13 Scout Tower
55:14 Scout Tower
55:15 Scout Tower
55:15 Scout Tower
55:15 Scout Tower
55:16 Scout Tower
55:16 Scout Tower
55:16 Scout Tower
55:17 Scout Tower
» items
| Boots of Speed | 1 | |
| Staff of Teleportation | 1 | |
| Potion of Lesser Invulnerability | 2 | |
| Healing Salve | 1 | |
| Potion of Invisibility | 1 | |
| Potion of Healing | 1 | |
| Potion of Mana | 1 | |
8 total
GOKUMAN69 (
pink | 44 APM | 2429 actions | 55:35)
8 Blademaster
3 Wind Walk
3 Critical Strike
1 Bladestorm
1 Mirror Image
» actions
| Assign group hotkey | 2 | |
| Build / train | 96 | |
| Enter build submenu | 81 | |
| Enter hero's abilities submenu | 8 | |
| Give item / drop item | 12 | |
| Remove unit from queue | 2 | |
| Right click | 1299 | |
| Select / deselect | 594 | |
| Use ability | 335 | |
2429 total
» units
» upgrades
| Liquid Fire | 1 | |
| Reinforced Defenses | 1 | |
| Ranged Weapons | 2 | |
| Armor | 2 | |
| Spiked Barricades | 3 | |
| Ensnare | 1 | |
| Envenomed Spears | 1 | |
| War Drums Damage Increase | 1 | |
| Backpack | 1 | |
| Pillage | 1 | |
14 total
» buildings
| War Mill | 1 | |
| Altar of Storms | 1 | |
| Orc Burrow | 4 | |
| Watch Tower | 93 | |
| Stronghold | 1 | |
| Voodoo Lounge | 3 | |
| Fortress | 1 | |
| Beastiary | 2 | |
| Great Hall | 2 | |
108 total
» build order
00:06 War Mill
00:25 Altar of Storms
00:40 Orc Burrow
02:03 Watch Tower
02:11 Watch Tower
02:24 Watch Tower
02:48 Watch Tower
03:07 Watch Tower
03:59 Stronghold
04:03 Watch Tower
04:19 Watch Tower
04:33 Voodoo Lounge
05:00 Watch Tower
05:02 Watch Tower
05:17 Voodoo Lounge
06:00 Watch Tower
06:03 Voodoo Lounge
06:08 Orc Burrow
06:23 Fortress
06:57 Orc Burrow
07:23 Beastiary
08:21 Beastiary
08:24 Watch Tower
09:00 Orc Burrow
10:00 Watch Tower
10:20 Watch Tower
11:19 Watch Tower
11:31 Watch Tower
11:35 Watch Tower
12:38 Watch Tower
14:06 Great Hall
15:50 Great Hall
17:11 Watch Tower
17:13 Watch Tower
17:14 Watch Tower
19:38 Watch Tower
19:40 Watch Tower
19:42 Watch Tower
19:52 Watch Tower
24:36 Watch Tower
24:37 Watch Tower
24:38 Watch Tower
24:39 Watch Tower
24:40 Watch Tower
24:41 Watch Tower
24:42 Watch Tower
24:45 Watch Tower
25:19 Watch Tower
25:23 Watch Tower
25:23 Watch Tower
25:24 Watch Tower
29:22 Watch Tower
29:22 Watch Tower
29:27 Watch Tower
29:28 Watch Tower
29:30 Watch Tower
29:31 Watch Tower
29:33 Watch Tower
29:35 Watch Tower
29:36 Watch Tower
29:37 Watch Tower
29:38 Watch Tower
34:46 Watch Tower
37:04 Watch Tower
43:10 Watch Tower
43:10 Watch Tower
43:11 Watch Tower
43:13 Watch Tower
43:15 Watch Tower
43:16 Watch Tower
43:18 Watch Tower
43:19 Watch Tower
43:20 Watch Tower
43:21 Watch Tower
45:19 Watch Tower
45:23 Watch Tower
45:24 Watch Tower
45:24 Watch Tower
45:26 Watch Tower
45:26 Watch Tower
45:27 Watch Tower
45:28 Watch Tower
45:30 Watch Tower
45:30 Watch Tower
46:51 Watch Tower
46:55 Watch Tower
47:32 Watch Tower
47:38 Watch Tower
48:05 Watch Tower
48:09 Watch Tower
48:11 Watch Tower
48:12 Watch Tower
48:16 Watch Tower
49:04 Watch Tower
49:05 Watch Tower
49:06 Watch Tower
49:28 Watch Tower
50:34 Watch Tower
50:58 Watch Tower
51:03 Watch Tower
51:46 Watch Tower
52:03 Watch Tower
52:36 Watch Tower
53:00 Watch Tower
53:03 Watch Tower
53:51 Watch Tower
54:31 Watch Tower
54:33 Watch Tower
» items
| Healing Salve | 5 | |
| Orb of Lightning | 2 | |
| Lesser Clarity Potion | 10 | |
| Boots of Speed | 1 | |
| Staff of Teleportation | 1 | |
| Potion of Lesser Invulnerability | 1 | |
| Scroll of Regeneration | 1 | |
| Potion of Healing | 3 | |
| Potion of Mana | 4 | |
28 total
Chat log
(01:28 / All) GOKUMAN69: ALT F4 X
(01:32 / All) GOKUMAN69: for the win
(17:12 / All) krulock: u guys always this gay
(17:17 / All) GOKUMAN69: yeah
(17:22 / All) krulock: i know
(17:24 / All) GOKUMAN69: got a finger up my butt
(18:19 / All) krulock: u like hr long games?
(18:26 / All) GOKUMAN69: hr long wins
(18:40 / All) krulock: if udid it the normal way u cud have 4
(19:03 / All) GOKUMAN69: cud is what cows ceW
(19:08 / All) GOKUMAN69: fat cow
(21:43 / All) GOKUMAN69: stop illin and killin da raid forest
(22:36 / All) GOKUMAN69: nice units
(22:50 / All) fineX: lol
(27:29 / All) GOKUMAN69: nice dead heto
(29:37 / All) fineX: NOOBOWAGON
(29:50 / All) GOKUMAN69: we have morts brodo
(30:03 / All) krulock: u also have 1hr long games
(30:13 / All) fineX: 1hr long penis i have
(30:16 / All) GOKUMAN69: 1hr long games
(30:22 / All) fineX: Itd be a lot shorter if u left!!!
(30:30 / All) krulock: sigh
(42:38 / All) GOKUMAN69: yo wanna trade?
(42:45 / All) GOKUMAN69: orbs?
(44:56 / All) GOKUMAN69: Gg
(45:01 / All) GOKUMAN69: noobz
(45:14 / All) fineX: NOOB
(45:15 / All) Godzilla_5000: Lol
(45:20 / All) krulock: ok
(50:38 / All) krulock: u guys are really pathetic
(50:51 / All) GOKUMAN69: we didn'y lose noobs
(50:53 / All) fineX: who goes archers fiends
(50:55 / All) fineX: noob
(51:02 / All) krulock: ok
(51:06 / All) krulock: who goes mass towers
(51:22 / All) krulock: if u got skill u cud of gotten 5 wins
(51:27 / All) GOKUMAN69: cud
(51:34 / All) GOKUMAN69: cows eat dat bro
(51:35 / All) fineX: if u got skill u cud have not lost
(51:43 / All) fineX: who loses to mass towers
(51:53 / All) GOKUMAN69: noobs dat who
(51:58 / All) krulock: ojk
(52:08 / All) Godzilla_5000: towers are hard to kill :P
(52:39 / All) Godzilla_5000: u guys have all the counter units for us
(52:49 / All) GOKUMAN69: owned by imba
(52:50 / All) fineX: protipo counter for towers is siege
(52:58 / All) Godzilla_5000: lol
(53:01 / All) Godzilla_5000: ur bm is an 8
(53:08 / All) fineX: and not being noob and feeding bm
(53:09 / All) Godzilla_5000: cant seige u will destroy
(53:11 / All) GOKUMAN69: good looker
(53:15 / All) fineX: so u fed
(53:16 / All) fineX: lol
(54:56 / All) GOKUMAN69: Gg
(55:02 / All) krulock: um no?
(55:03 / All) GOKUMAN69: big ole noobs
(55:29 / All) krulock: nah we dont waste time